AoeStats
← Kulishaak

Black Forest

503832656Analyzed
1v1 RM · 29d ago on Sep 2, 2026· 45m 19s· 2 players
Game mode
Random Map
Map size
Tiny (2 player)
Population
200
Speed
Normal
Resources
Standard
Victory
Conquest
Starting age
Dark Age
Ending age
Imperial Age
RankedLock teamsTeams togetherTeam positionsShared explorationLock speedFull tech treeHidden civsTurbo modeCheats
Victory
Defeat
🇦🇷 Vietnamese · Argentina
1115
+17
🇨🇿 Armenians · Czechia
1127
-17
M
9:38 Feudal Age
12:52 Loom
18:12 Castle Age
18:20 Fletching
19:27 Bodkin Arrow
18:54 Crossbowman
19:37 Town Watch
23:38 Double-Bit Axe
29:47 Padded Archer Armor
30:49 Thumb Ring
31:46 Forging
33:39 Gold Mining
40:01 Imperial Age
38:07 Wheelbarrow
40:35 Bloodlines
40:27 Husbandry
40:26 Arbalester
41:09 Bracer
42:15 Scale Barding Armor
44:14 Ballistics
Kulishaak
1:12 Loom
11:04 Feudal Age
11:59 Double-Bit Axe
12:04 Arson
13:43 Man-at-Arms
15:33 Horse Collar
17:25 Wheelbarrow
16:17 Long Swordsman
17:19 Fishing Lines
20:41 Scale Mail Armor
20:35 Gold Mining
22:54 Castle Age
21:46 Forging
21:27 Fletching
22:38 Stone Mining
22:54 Padded Archer Armor
24:57 Bow Saw
24:20 Two-Handed Swordsman
25:02 Squires
25:57 Gold Shaft Mining
25:40 Gambesons
28:18 Elite Skirmisher
30:31 Hand Cart
30:27 Bodkin Arrow
38:47 Gillnets
40:14 Ballistics
43:42 Leather Archer Armor
47:36 Imperial Age
44:52 Town Watch
44:53 Champion
Connection lost

Rejoining the realm…

Still unreachable

The connection could not be restored.

Session expired

The server has moved on; the page needs a fresh start.